Map: Ulrena

Players

Elazer - Winner!

  • Race: Zerg Zerg
  • League: Grandmaster

LiquidBunny (Bunny)

  • Race: Terran Terran
  • League: Grandmaster

VOD

Have the link to the VOD?

Description

Time

  • Played on: Feb. 24, 2016, 3:33 p.m.
  • Length: 9:01
Show
View Real Time Build Order
Export as new Build Order

Elazer Zerg - Winner!

Build Orders: Hatch First 

Get SALT Encoding   

  12  0:00  Drone  
  13  0:13  Overlord  
  13  0:17  Drone  
  14  0:31  Drone x2  
  14  0:35  Drone  
  17  0:52  Hatchery  
  17  0:55  Drone  
  17  0:58  Drone  
  18  1:08  Extractor  
  17  1:13  Spawning Pool  
  17  1:16  Drone  
  17  1:19  Drone  
  18  1:28  Drone  
  19  1:43  Overlord  
  19  1:53  Drone  
  20  1:59  Queen  
  22  2:01  Drone  
  22  2:04  Drone, Queen  
  26  2:09  Metabolic Boost  
  26  2:13  Drone  
  28  2:15  Drone  
  28  2:30  Hatchery  
  28  2:33  Drone  
  28  2:35  Drone  
  29  2:41  Queen  
  31  2:46  Overlord  
  31  2:48  Drone  
  31  2:50  Drone  
  33  2:53  Drone  
  33  2:55  Drone  
  35  3:07  Drone x3  
  35  3:11  Overlord  
  38  3:17  Queen  
  40  3:20  Zergling x8  
  44  3:29  Extractor  
  44  3:30  Drone, Roach Warren  
  43  3:43  Overlord  
  43  3:45  Drone  
  43  3:46  Drone x3  
  47  3:52  Queen  
  50  3:55  Drone x2  
  50  3:56  Drone  
  52  4:09  Roach  
  64  4:10  Roach x5  
  64  4:15  Overlord  
  64  4:17  Drone  
  64  4:19  Extractor  
  64  4:20  Drone x2  
  65  4:24  Overlord x2  
  61  4:42  Roach x5  
  66  4:47  Overlord  
  66  4:48  Lair  
  66  4:49  Drone  
  66  4:50  Drone x2  
  66  4:52  Drone  
  70  4:53  Drone  
  70  4:55  Drone  
  70  4:59  Drone x2  
  74  5:00  Drone  
  74  5:03  Ravager  
  76  5:07  Spore Crawler  
  76  5:08  Drone  
  76  5:12  Overlord  
  76  5:14  Drone  
  76  5:17  Drone x2  
  76  5:18  Drone x2  
  81  5:23  Ravager x2  
  81  5:24  Overlord  
  81  5:25  Drone  
  81  5:26  Drone x2  
  81  5:27  Extractor, Drone  
  81  5:28  Extractor  
  85  5:36  Overlord  
  85  5:39  Drone x5  
  90  5:47  Overlord  
  90  5:49  Evolution Chamber  
  89  5:50  Evolution Chamber  
  89  5:51  Overlord  
  89  5:52  Roach x2  
  89  5:53  Glial Reconstitution  
  92  5:58  Overlord  
  92  6:01  Drone x3  
  95  6:08  Overseer  
  95  6:09  Overlord  
  95  6:12  Drone x2  
  95  6:13  Extractor, Drone x3  
  95  6:15  Zerg Missile Weapons Level 1, Zerg Ground Armor Level 1  
  99  6:22  Roach x4  
  99  6:23  Drone  
  108  6:33  Overlord  
  108  6:35  Roach  
  108  6:36  Roach x4  
  118  6:45  Roach x4  
  128  6:54  Roach x4  
  128  6:56  Ravager  
  128  6:57  Ravager x2  
  137  7:02  Overlord x2, Hatchery  
  136  7:09  Roach  
  136  7:10  Roach x4  
  146  7:20  Overlord  
  143  7:22  Drone  
  143  7:24  Roach  
  143  7:25  Roach x5  
  143  7:27  Overlord  
  155  7:30  Spore Crawler  
  152  7:44  Ravager  
  152  7:45  Overlord x2, Ravager x3  
  152  7:48  Roach x9  
  174  8:00  Overlord  
  168  8:07  Roach x7  
  168  8:09  Ravager x2  
  182  8:21  Ravager x3  
  185  8:30  Ravager  
  185  8:31  Roach x4  
Show
View Real Time Build Order
Export as new Build Order

LiquidBunny Terran 

Build Orders: MMM Bio 

Get SALT Encoding   

  12  0:00  SCV  
  13  0:12  SCV  
  14  0:17  Supply Depot  
  14  0:25  SCV  
  15  0:39  SCV  
  15  0:40  Barracks  
  16  0:46  Refinery  
  16  0:51  SCV  
  17  1:03  SCV  
  18  1:15  SCV  
  19  1:27  Orbital Command  
  19  1:29  Barracks Reactor  
  19  1:41  Command Center  
  19  1:49  Supply Depot  
  19  1:52  SCV  
  20  2:04  SCV  
  20  2:05  Marine x2  
  23  2:13  Factory  
  23  2:17  SCV  
  23  2:20  Refinery  
  24  2:22  Marine  
  24  2:23  Marine  
  24  2:29  SCV  
  27  2:36  Bunker  
  27  2:40  Marine  
  27  2:41  SCV, Marine  
  30  2:52  Orbital Command  
  30  2:53  SCV  
  30  2:58  Factory Tech Lab  
  31  3:03  Starport  
  31  3:06  Marine  
  31  3:08  Marine  
  31  3:12  SCV  
  34  3:18  SCV  
  35  3:21  Siege Tank  
  35  3:24  SCV  
  35  3:26  Marine  
  40  3:28  Marine  
  40  3:32  Supply Depot  
  41  3:35  SCV  
  41  3:38  SCV  
  41  3:40  Medivac  
  45  3:44  Marine  
  46  3:50  Supply Depot  
  46  3:53  Marine  
  46  3:54  SCV x2  
  49  3:58  Siege Tank  
  49  4:01  Marine  
  53  4:08  SCV  
  53  4:09  Liberator  
  54  4:11  Marine  
  54  4:12  SCV  
  56  4:20  Barracks x2  
  56  4:21  SCV  
  56  4:23  Marine  
  58  4:29  SCV  
  58  4:30  Marine  
  62  4:35  SCV  
  58  4:41  SCV  
  55  4:47  Siege Tank, SCV  
  57  4:53  SCV  
  57  4:59  SCV  
  59  5:00  Supply Depot  
  59  5:04  Engineering Bay  
  59  5:05  SCV, Refinery  
  59  5:06  Refinery  
  60  5:08  Barracks Tech Lab x2  
  60  5:11  SCV  
  60  5:13  Marine  
  62  5:21  SCV, Marine  
  62  5:22  Supply Depot  
  62  5:23  SCV  
  65  5:33  SCV  
  65  5:35  SCV  
  67  5:38  Siege Tank  
  67  5:39  Stimpack  
  70  5:43  Marine x4  
  70  5:44  Barracks  
  70  5:45  Terran Infantry Weapons Level 1  
  70  5:47  Barracks  
  74  5:50  Starport Reactor  
  74  5:54  Supply Depot  
  74  5:55  Supply Depot  
  74  5:56  SCV  
  75  5:59  Combat Shields  
  75  6:01  Marine x4  
  76  6:07  SCV  
  76  6:08  SCV  
  78  6:16  Siege Tank  
  81  6:19  SCV, Marine x3  
  81  6:23  Supply Depot  
  81  6:24  Marine  
  86  6:28  Medivac  
  86  6:31  Medivac  
  91  6:37  Barracks Reactor  
  90  6:41  Supply Depot  
  90  6:42  Marine x2, Barracks Reactor, Supply Depot  
  90  6:45  Marine x2  
  94  6:53  Barracks  
  94  6:55  Supply Depot  
  94  6:57  Supply Depot  
  94  6:59  Supply Depot  
  94  7:00  Marine x2  
  96  7:03  Marine x2  
  96  7:05  Siege Tank  
  101  7:18  Marine x3  
  101  7:19  Marine x2  
  101  7:20  Medivac  
  101  7:21  Marine x3  
  111  7:23  Medivac  
  112  7:35  Marine  
  112  7:36  Marine x2  
  115  7:37  Marine x2  
  115  7:39  Marine x2  
  115  7:43  Marine  
  115  7:44  Marine  
  121  7:53  Marine x2  
  121  7:54  Marine  
  121  7:55  Marine x2, Supply Depot  
  126  8:00  Marine  
  126  8:01  Marine x3  
  130  8:11  Marine x2  
  132  8:17  Marine x2  
  132  8:18  Marine  
  132  8:19  Siege Tank, Marine  
  138  8:25  Marine x2  
  140  8:30  Marine  
  140  8:31  Marine  
  142  8:38  Marine x2  
  142  8:39  SCV  
  142  8:40  Marine x2  
  108  8:42  SCV, Marine  
  108  8:43  Marine  
Tags
 
Add a new tag
Caveats
  • Supply blocks, unpowered buildings, or Contaminate may cause inaccurate times.
  • Supply counts are checked every 10 seconds.